Map: Ever Dream LE

Players

INnoVation

  • Race: Terran Terran
  • League: Master
  • Spawn Location: 1:00

Solar - Winner!

  • Race: Zerg Zerg
  • League: Master
  • Spawn Location: 7:00

Event: StayAtHomestory Cup #2

VOD

Have the link to the VOD?

Description

Time

  • Played on: June 13, 2020, 3:39 p.m.
  • Length: 13:57

All games in this series

Show
View Real Time Build Order
Export as new Build Order

INnoVation Terran 

Build Orders: Reaper Expand 

Get SALT Encoding   

  12  0:00  SCV  
  13  0:12  SCV  
  14  0:17  Supply Depot  
  14  0:24  SCV  
  15  0:38  SCV  
  15  0:41  Barracks  
  16  0:43  Refinery  
  16  0:50  SCV  
  17  1:02  SCV  
  18  1:15  SCV  
  19  1:27  Reaper  
  19  1:28  Orbital Command  
  20  1:39  Command Center  
  20  1:51  Supply Depot  
  20  1:53  SCV  
  21  1:59  Marine  
  22  2:05  SCV  
  23  2:14  Factory  
  23  2:17  SCV  
  23  2:20  Barracks Reactor  
  24  2:29  SCV  
  25  2:41  Command Center  
  25  2:42  SCV  
  26  2:51  Orbital Command  
  26  2:54  SCV  
  27  3:03  Barracks Tech Lab  
  27  3:04  Hellion x2  
  31  3:06  SCV  
  32  3:17  SCV  
  33  3:20  SCV  
  33  3:22  Stimpack  
  33  3:23  Marine  
  33  3:27  Hellion x2  
  39  3:30  SCV  
  39  3:32  SCV  
  41  3:41  Marine  
  41  3:42  SCV  
  41  3:44  SCV  
  44  3:54  Barracks, SCV, Orbital Command  
  45  3:56  SCV  
  45  3:57  Factory Reactor  
  45  4:00  Barracks, Marine  
  47  4:05  Refinery  
  47  4:07  SCV  
  47  4:08  SCV, Supply Depot  
  49  4:15  Engineering Bay  
  48  4:17  Engineering Bay  
  48  4:19  SCV  
  48  4:20  SCV x2  
  51  4:24  Refinery  
  51  4:25  Refinery  
  51  4:28  Marine  
  52  4:31  Supply Depot  
  52  4:32  SCV x3  
  55  4:39  Starport  
  55  4:43  Factory Reactor, Marine  
  55  4:44  SCV x2, Marine  
  59  4:48  Terran Infantry Weapons Level 1  
  59  4:53  Orbital Command  
  59  4:55  SCV, Supply Depot  
  59  4:56  SCV  
  59  4:58  Marine x2  
  63  5:00  Terran Infantry Armor Level 1  
  63  5:07  Supply Depot  
  63  5:08  SCV x2  
  63  5:11  Marine  
  63  5:12  Marine x2  
  68  5:16  Marine x2  
  68  5:18  Supply Depot  
  70  5:22  Medivac x2  
  70  5:24  SCV x2  
  70  5:25  SCV  
  70  5:26  Factory Tech Lab  
  77  5:29  Marine  
  77  5:31  Barracks  
  77  5:35  Barracks  
  78  5:37  Armory, Combat Shield  
  78  5:40  SCV  
  78  5:42  SCV x2  
  81  5:43  Marine x2  
  81  5:44  Marine  
  81  5:46  Marine  
  85  5:52  SCV  
  85  5:54  SCV x2  
  85  5:56  Supply Depot  
  88  5:58  Medivac, Supply Depot  
  88  6:02  Marine x2, Medivac  
  88  6:03  Marine x2  
  96  6:04  Marine  
  96  6:08  Siege Tank  
  96  6:09  SCV  
  101  6:18  SCV x2, Barracks Reactor  
  103  6:31  Marine x3, Barracks Reactor  
  103  6:32  Marine x2  
  91  6:33  SCV  
  91  6:34  SCV x2  
  91  6:36  Supply Depot  
  94  6:40  Siege Tank  
  94  6:42  Refinery x2  
  94  6:43  Terran Infantry Weapons Level 2  
  94  6:45  SCV  
  94  6:46  SCV x2  
  100  6:49  Marine x4  
  100  6:50  Marine, Supply Depot  
  105  6:58  Marine x2  
  105  6:59  Terran Infantry Armor Level 2  
  107  7:05  SCV x3  
  107  7:07  Marine x4  
  114  7:09  Supply Depot  
  114  7:12  Siege Tank  
  114  7:13  Supply Depot  
  114  7:14  Missile Turret, Marine x3  
  120  7:15  Marine  
  121  7:24  Medivac x2  
  121  7:26  Marine  
  121  7:27  Marine x3  
  126  7:38  Marine  
  126  7:40  Factory  
  126  7:42  Marine x4  
  130  7:44  Marine  
  130  7:45  Command Center  
  130  7:46  Drilling Claws  
  133  7:52  Thor  
  133  7:57  Marine  
  136  8:03  Medivac  
  136  8:04  Marine x8, Medivac  
  138  8:10  Missile Turret  
  138  8:12  Missile Turret  
  133  8:19  Terran Vehicle And Ship Armor Level 1  
  133  8:24  Factory Reactor  
  133  8:30  Barracks  
  133  8:31  Barracks  
  133  8:32  Barracks  
  133  8:36  Thor  
  133  8:39  Marine x8, Marauder  
  149  8:42  Supply Depot x2  
  149  8:45  Supply Depot  
  149  8:56  SCV x3, Medivac x2, Sensor Tower  
  149  9:00  Marine x6  
  149  9:01  Supply Depot, Marauder  
  164  9:04  Widow Mine x2  
  164  9:09  SCV x3  
  171  9:17  Marine x2  
  171  9:18  Marine  
  171  9:19  Supply Depot, Planetary Fortress  
  171  9:21  Missile Turret  
  171  9:22  Marauder, Thor  
  171  9:23  Concussive Shells, Barracks Tech Lab x2  
  183  9:25  Widow Mine x2  
  183  9:27  Marine x5  
  183  9:29  Barracks Tech Lab  
  191  9:34  Marine  
  191  9:36  Terran Infantry Weapons Level 3  
  191  9:39  Marine x2  
  191  9:43  Marauder  
  191  9:45  Marine x4  
  193  9:48  Widow Mine x2  
  200  9:53  Terran Infantry Armor Level 3  
  198  10:04  Marine, Marauder  
  197  10:13  Widow Mine  
  197  10:14  Widow Mine x2  
  185  10:19  Marauder x2  
  172  10:25  Marauder, Marine, Medivac  
  172  10:26  Marine x7  
  172  10:27  Barracks Tech Lab  
  181  10:37  Medivac  
  181  10:41  Marauder x2  
  187  10:43  Missile Turret, Marine x3  
  187  10:44  Marine x3  
  187  10:45  Missile Turret, Factory Tech Lab  
  187  10:47  Missile Turret, Marauder  
  187  10:49  SCV x3  
  198  11:04  Marine  
  196  11:05  Marine x3  
  196  11:08  Marine  
  196  11:10  Marine  
  188  11:18  SCV  
  188  11:19  SCV, Marine  
  188  11:20  Marine  
  188  11:24  SCV  
  188  11:37  Missile Turret  
  188  11:41  Missile Turret  
  188  11:47  Marine x2  
  188  11:50  Marine  
  188  11:51  Marine x2  
  188  11:52  Marine  
  188  11:54  Marine x2  
  188  11:55  SCV, Marine  
  188  11:56  SCV, Marine x2  
  188  11:57  Widow Mine  
  188  12:00  Marine  
  187  12:02  Medivac  
  186  12:21  Supply Depot  
  186  12:22  Command Center, Supply Depot x3  
  186  12:28  Marine  
  186  12:29  Marine x2, Marauder  
  173  12:30  Marine x4, Widow Mine x2, Marauder  
  173  12:31  Marine, Medivac  
  173  12:32  Marauder x2  
  173  12:36  Command Center  
  163  12:46  Marine x3  
  163  12:48  Marine  
  163  12:49  Reaper  
  163  12:51  Marauder x2  
  138  12:53  Marauder  
  138  12:54  Medivac  
  138  12:55  Marine x4  
  138  12:57  Widow Mine x3  
  135  13:01  Medivac  
  135  13:04  Marine x3  
  132  13:06  Marine  
  132  13:12  Marauder  
  137  13:13  Marine, Marauder  
  137  13:14  Marauder x2  
  137  13:19  Widow Mine  
  148  13:20  Widow Mine x2  
  148  13:23  Marine  
  148  13:25  Marine  
  150  13:28  Orbital Command  
  150  13:34  Marauder x2  
Show
View Real Time Build Order
Export as new Build Order

Solar Zerg - Winner!

Build Orders: Hatch First, Muta Ling Bane 

Get SALT Encoding   

  12  0:01  Drone  
  13  0:12  Overlord  
  13  0:16  Drone  
  14  0:32  Drone x2  
  16  0:48  Hatchery  
  15  0:51  Drone  
  15  0:55  Drone  
  17  0:58  Drone  
  18  1:09  Extractor  
  17  1:13  Spawning Pool  
  17  1:17  Drone  
  17  1:21  Drone  
  18  1:29  Drone  
  19  1:40  Drone  
  20  1:51  Overlord  
  20  1:59  Queen  
  20  2:00  Queen, Zergling x4  
  26  2:11  Drone x2  
  28  2:22  Hatchery  
  27  2:31  Drone  
  27  2:33  Metabolic Boost  
  28  2:37  Drone  
  28  2:40  Drone  
  28  2:44  Queen  
  30  2:49  Overlord  
  32  2:52  Drone  
  32  2:53  Drone  
  32  2:56  Drone  
  36  2:58  Drone  
  36  3:08  Drone  
  36  3:09  Drone x4  
  41  3:19  Queen  
  41  3:20  Overlord  
  41  3:22  Drone  
  41  3:26  Overlord  
  44  3:36  Queen  
  44  3:37  Drone  
  44  3:38  Drone  
  44  3:39  Drone, Zergling x2  
  44  3:40  Zergling x2  
  44  3:41  Drone  
  52  3:44  Zergling x2  
  52  3:47  Overlord  
  53  3:50  Drone  
  53  3:54  Drone x3  
  57  3:56  Drone  
  57  3:57  Zergling x2  
  57  4:01  Queen  
  61  4:04  Overlord  
  61  4:07  Drone x2  
  63  4:10  Drone x2  
  63  4:13  Drone x2  
  63  4:14  Extractor  
  63  4:15  Drone  
  66  4:20  Evolution Chamber x2  
  66  4:22  Drone x2  
  66  4:25  Drone  
  66  4:30  Drone x4  
  71  4:32  Drone x2  
  71  4:33  Drone  
  71  4:37  Overlord  
  74  4:40  Drone x2  
  74  4:42  Extractor  
  74  4:43  Drone x3  
  74  4:44  Zergling x2  
  79  4:50  Overlord  
  79  4:51  Zerg Ground Armor Level 1  
  79  4:53  Zerg Melee Weapons Level 1  
  79  4:55  Zergling x2  
  79  4:56  Drone  
  79  4:59  Extractor, Overlord  
  80  5:00  Extractor  
  80  5:03  Drone x3  
  80  5:07  Lair  
  82  5:09  Extractor  
  82  5:14  Drone x3  
  84  5:16  Drone  
  84  5:17  Drone x4  
  84  5:18  Zergling x2, Baneling Nest  
  84  5:20  Zergling x2  
  90  5:29  Zergling x6  
  90  5:34  Zergling x2  
  90  5:35  Zergling x6  
  97  5:37  Overlord, Hatchery  
  97  5:39  Overlord  
  96  5:44  Zergling x8  
  100  5:52  Zergling x2  
  100  5:53  Overlord  
  101  5:57  Zergling x2  
  101  6:03  Zergling x16  
  110  6:07  Spire  
  110  6:10  Centrifical Hooks  
  109  6:12  Baneling x5  
  109  6:13  Hatchery  
  109  6:15  Baneling x4  
  109  6:18  Overseer  
  108  6:19  Overlord  
  108  6:21  Zergling x6  
  105  6:25  Zergling x2  
  105  6:26  Zergling x6  
  105  6:29  Zergling x8  
  105  6:33  Queen  
  105  6:35  Drone x2  
  105  6:36  Overlord  
  105  6:38  Zergling x2  
  110  6:42  Zergling x6  
  113  6:50  Zergling x4  
  113  6:51  Queen  
  118  7:01  Drone  
  118  7:02  Drone x4  
  118  7:04  Zerg Ground Armor Level 2, Drone x3  
  118  7:05  Zerg Melee Weapons Level 2  
  118  7:06  Overseer  
  124  7:14  Overlord  
  124  7:17  Drone x2  
  124  7:20  Baneling x2  
  124  7:22  Mutalisk x6  
  137  7:26  Mutalisk x2  
  137  7:29  Mutalisk  
  136  7:30  Mutalisk  
  136  7:36  Unknown  
  139  7:39  Mutalisk  
  139  7:41  Overlord  
  139  7:42  Zergling x8  
  139  7:43  Drone x3  
  143  7:44  Zergling x6  
  143  7:48  Zerg Flyer Weapons Level 1  
  146  7:51  Zergling x2  
  146  7:52  Zergling x4  
  147  7:58  Mutalisk x3  
  147  8:00  Zergling x4  
  147  8:02  Queen  
  147  8:03  Drone  
  158  8:06  Drone x2  
  158  8:07  Overlord  
  158  8:10  Drone  
  161  8:12  Overlord  
  161  8:13  Overlord  
  161  8:14  Drone  
  161  8:16  Mutalisk x2  
  161  8:19  Overseer  
  166  8:20  Pneumatized Carapace  
  166  8:21  Overlord  
  166  8:26  Zergling x12  
  171  8:28  Baneling x4  
  171  8:29  Baneling  
  171  8:35  Drone x2, Infestation Pit  
  171  8:36  Drone x2  
  171  8:38  Overlord  
  171  8:39  Hatchery  
  173  8:47  Zergling x24  
  185  8:51  Baneling x2, Overseer  
  185  8:56  Overlord  
  185  9:00  Zergling x16  
  193  9:08  Zergling x8  
  197  9:16  Hive  
  197  9:20  Baneling x15  
  197  9:22  Zergling x4  
  199  9:44  Zergling x2  
  199  9:45  Zergling x12  
  197  9:52  Zerg Flyer Weapons Level 2  
  197  9:53  Zergling x2  
  197  9:54  Zergling x2  
  197  9:55  Baneling x9  
  195  10:08  Zergling x30  
  195  10:10  Zergling x2  
  195  10:12  Zergling x2  
  199  10:21  Zergling x20  
  174  10:24  Baneling x8  
  174  10:25  Baneling x16  
  174  10:28  Zergling x16  
  177  10:29  Zerg Ground Armor Level 3  
  177  10:30  Zerg Melee Weapons Level 3  
  177  10:31  Adrenal Glands  
  177  10:32  Ultralisk Cavern, Zergling x8  
  180  10:36  Zergling x2  
  180  10:39  Zergling x2  
  182  10:46  Zergling x10  
  182  10:47  Zergling x6  
  190  10:55  Zergling x10  
  194  11:06  Zergling x14  
  193  11:22  Overlord x2, Baneling x13  
  193  11:23  Overlord x2  
  193  11:24  Overlord x2  
  193  11:25  Chitinous Plating, Overseer  
  193  11:27  Overseer  
  193  11:29  Overlord  
  185  11:41  Ultralisk x3  
  185  11:43  Zergling x6  
  199  11:49  Zergling x10  
  199  11:53  Baneling x3  
  199  11:54  Baneling x9  
  199  11:57  Zergling x2  
  199  11:58  Zergling x6  
  199  11:59  Zergling x6  
  198  12:06  Ultralisk x2, Zergling x10  
  198  12:10  Zergling x4  
  198  12:13  Baneling  
  198  12:14  Baneling x12  
  198  12:17  Zergling x4  
  198  12:18  Hatchery  
  198  12:19  Baneling x4  
  199  12:27  Zergling x4  
  189  12:32  Zergling x8  
  189  12:33  Zergling x18  
  189  12:35  Zergling x2  
  189  12:36  Zergling x6  
  192  12:40  Ultralisk  
  192  12:41  Zergling x2  
  193  12:44  Anabolic Synthesis  
  193  12:47  Zergling x4  
  193  12:48  Zergling x2  
  171  12:53  Ultralisk, Zergling x8  
  171  12:55  Overseer x2  
  179  13:21  Hatchery  
  179  13:22  Baneling x6  
  179  13:23  Baneling x10  
  178  13:28  Zergling x2  
  178  13:29  Zergling x20  
  183  13:35  Zergling x4  
  183  13:38  Zergling x8, Overseer  
Tags
 
Add a new tag
Caveats
  • Supply blocks, unpowered buildings, or Contaminate may cause inaccurate times.
  • Supply counts are checked every 10 seconds.